 Dungeon Crawl Stone Soup version 0.19.1 (webtiles) character file.

28 Ladykiller69 the Grasshopper (level 3, 0/16 HPs)
             Began as a Felid Warper on Dec 26, 2016.
             Slain by a jackal (2 damage)
             ... on level 1 of the Dungeon.
             The game lasted 00:03:20 (1421 turns).

Ladykiller69 the Grasshopper (Felid Warper)         Turns: 1421, Time: 00:03:20

Health: 0/16       AC:  1    Str:  8    XL:     3   Next: 0%
Magic:  7/7        EV: 19    Int: 14    God:
Gold:   76         SH:  0    Dex: 15    Spells: 0 memorised, 6 levels left
                                        Lives:  0   Deaths: 0

rFire  . . .     SeeInvis +       - Unarmed
rCold  . . .     Gourm    .     (armour unavailable)
rNeg   . . .     Faith    .     (shield unavailable)
rPois  .         Spirit   .     (helmet unavailable)
rElec  .         Reflect  .     (cloak unavailable)
rCorr  .         Harm     .     (gloves unavailable)
MR     .....                    (boots unavailable)
Stlth  ++........               (no amulet)
                                (no ring)
                                (no ring)

@: quick
A: no armour, no weapons or thrown items, stealth, claws 1, fangs 3, see
invisible, carnivore 3, speed 1, shaggy fur 1, slow metabolism 1, sharp paws
a: no special abilities


You were on level 1 of the Dungeon.
You were very full.

You visited 1 branch of the dungeon, and saw 1 of its levels.

You collected 76 gold pieces.

Inventory:

Jewellery
 e - an uncursed ring of wizardry {unknown}
Scrolls
 b - a scroll of blinking
 d - a scroll of remove curse {unknown}
 f - a scroll of identify {unknown}
Books
 a - a book of Spatial Translocations

   Spells                             Type                      Level
   a - Blink                          Translocation                2
   b - Shroud of Golubria             Charms/Translocation         2
   c - Lesser Beckoning               Translocation                3
   d - Portal Projectile              Translocation                3
   e - Teleport Other                 Translocation                3
   f - Passage of Golubria            Translocation                4
Comestibles
 c - 3 meat rations


   Skills:
 + Level 2.2 Fighting
 + Level 3.9 Dodging
 + Level 1.1 Stealth
 * Level 2.6 Unarmed Combat
 - Level 2.0 Spellcasting
   Level 4.4 Translocations


You had 6 spell levels left.
You didn't know any spells.

Dungeon Overview and Level Annotations

Branches:
Dungeon (1/15)

Altars:


Innate Abilities, Weirdness & Mutations

You cannot wear armour.
You are incapable of wielding weapons or throwing items.
Your paws allow you to move quietly. (Stealth)
You have sharp claws.
You have razor-sharp teeth.
You have supernaturally acute eyesight. (SInv)
You are carnivorous and can eat meat at any time.
You cover ground quickly.
You are covered in fur. (AC +1)
You have a slow metabolism.
Your sharp claws are effective at attacking unaware monsters.


Message History

Press: ? - help, v - describe, . - travel The floor.
You closely miss the jackal. The jackal bites you.
* * * LOW HITPOINT WARNING * * *
You scratch the jackal but do no damage.
The jackal bites you.
* * * LOW HITPOINT WARNING * * *
The jackal misses you. The jackal closely misses you.
Autopickup is now off.
Autopickup is now on.
The jackal barely misses you. The jackal closely misses you.
You scratch the jackal.
The jackal is severely wounded.
The jackal barely misses you.
You closely miss the jackal.
The jackal is severely wounded.
The jackal bites you.
You die...

#.# #.# #.# #..# ###
...# ##P #..# .P.##
#..# ### #.#P#
#..#.#.. # ....#
#..#.#.#####.#
#...###..#....hh@..#
#..###...###.#######
P.###.##.....#
....#.########
....#h# ....#.#
############ ##..#.#
#..........# ..#.#.#
#.#######.## ⌠.#h#.#
#.# #.#


You could see 2 jackals.

Vanquished Creatures
  A dart slug (D:1)
  2 ball pythons (D:1)
  2 goblins (D:1)
  A hobgoblin (D:1)
  6 jackals (D:1)
  5 bats (D:1)
  3 frilled lizards (D:1)
  A kobold (D:1)
  3 rats (D:1)
24 creatures vanquished.

Notes
Turn   | Place    | Note
-------+----------+-------------------------------------------
     0 | D:1      | Ladykiller69 the Felid Warper began the quest for the Orb.
     0 | D:1      | Reached XP level 1. HP: 9/9 MP: 4/4
   381 | D:1      | Reached XP level 2. HP: 10/13 MP: 6/6
   848 | D:1      | Reached skill level 1 in Stealth
  1387 | D:1      | Reached XP level 3. HP: 4/16 MP: 7/7
  1421 | D:1      | Slain by a jackal

Skill      XL: |  1  2 |
---------------+-------+-----
Stealth        | 1 |  1.1
Fighting       | |  2.2
Dodging        | |  3.9
Unarmed Combat | |  2.6
Spellcasting   | |  2.0
Translocations | |  4.4

Action                   || total
-------------------------++-------
Melee: Unarmed           ||    86
       Bite              ||     2
 Stab: Sleeping          ||     4
  Eat: Chunk             ||     7
Armor: Skin              ||     9
Dodge: Dodged            ||    65
